 Dungeon Crawl Stone Soup version 0.30-a0-55-g90e3122c3a (webtiles) character file.

Game seed: 9897653247998131485

43 jlumianski the Chopper (level 3, -2/28 HPs)
             Began as a Demonspawn Gladiator on Sept 9, 2022.
             Succumbed to an adder's poison
             ... on level 1 of the Dungeon.
             The game lasted 00:05:21 (1408 turns).

jlumianski the Chopper (Demonspawn Gladiator)       Turns: 1408, Time: 00:05:21

Health: -2/28      AC:  4    Str: 16    XL:     3   Next: 37%
Magic:  3/3        EV: 12    Int:  9    God:
Gold:   35         SH:  0    Dex: 14    Spells: 2/2 levels left

rFire   . . .      SeeInvis .    a - +0 war axe
rCold   . . .      Faith    .    (no shield)
rNeg    . . .      Spirit   .    b - +0 leather armour
rPois   .          Reflect  .    c - +0 helmet
rElec   .          Harm     .    (no cloak)
rCorr   .          Rampage  .    (no gloves)
Will    .....                    (no boots)
Stlth   +.........               (no amulet)
HPRegen 0.09/turn                (no ring)
MPRegen 0.08/turn                (no ring)

@: lethally poisoned (-2 -> -15), flying
A: foul stench 1, weakness stinger 1
a: no special abilities


You were on level 1 of the Dungeon.
You visited 1 branch of the dungeon, and saw 2 of its levels.

You collected 35 gold pieces.

Inventory:

Hand Weapons
 a - a +0 war axe (weapon)
Missiles
 d - 2 throwing nets (quivered)
 e - a javelin
Armour
 b - a +0 leather armour (worn)
 c - a +0 helmet (worn)
Scrolls
 f - a scroll of vulnerability {unknown}
 j - a scroll of fear {unknown}
Potions
 i - a potion of might {unknown}


   Skills:
 + Level 2.4 Fighting
 + Level 3.3 Axes
 + Level 1.8 Throwing
 + Level 0.2 Armour
 + Level 3.1 Dodging
 + Level 0.2 Stealth


You had 2 spell levels left.
You didn't know any spells.
Your spell library was empty.

Dungeon Overview and Level Annotations

Branches:
Dungeon (2/15)

Altars:


Innate Abilities, Weirdness & Mutations

You may rarely emit foul miasma when damaged in melee.
You have a small tail.


Message History

There is a stone staircase leading down here.
You start resting.
HP restored.
You climb downwards.
The adder bites you. x2
There is a stone staircase leading up here.
The adder bites you.
You are poisoned.
The adder poisons you!
You climb upwards.
You feel very sick.
There is a stone staircase leading down here.
You miss the adder.
Your tail-slap misses the adder.
You feel sick.
The adder bites you but does no damage. x2
You hit the adder but do no damage.
You feel sick. The adder misses you. The adder bites you.
You are more poisoned.
The adder poisons you!
You barely miss the adder.
You feel sick. The adder bites you. The adder misses you.
You miss the adder.
You feel very sick. The adder bites you but does no damage.
You closely miss the adder.
You feel sick. The adder closely misses you. The adder barely misses you.
You barely miss the adder.
You feel sick. The adder closely misses you. The adder bites you.
* * * LOW HITPOINT WARNING * * *
You are lethally poisoned!
The adder poisons you!
You miss the adder.
* * * LOW HITPOINT WARNING * * *
You feel very sick. The adder bites you.
* * * LOW HITPOINT WARNING * * *
You are more poisoned.
The adder poisons you! The adder closely misses you.
It was a potion of flight.
You feel very buoyant.
You fly up into the air.
You die...

### ##.## ############...#
#........##.....
##########.######........
#.......S.........#......
###..###..@#.#........#...#
###..........#.#.######.....#
#............#....######.#..#
#.#.#..####..#..#............
#.#.#........#....###.##...##
#.#.#........#.#.####.##...#
#.#.#........#....##...#...#
####..........................##
#..†............##...##........[


You could see an adder.

Vanquished Creatures
  An adder (D:1)
  A worm (D:2)
  A dart slug (D:1)
  An orc (D:2)
  3 bats
  An endoplasm (D:1)
  A goblin (D:2)
  4 hobgoblins
  6 jackals
  A quokka (D:2)
  A ball python (D:2)
  4 frilled lizards
  A kobold (D:1)
  A rat (D:1)
27 creatures vanquished.

Notes
Turn   | Place    | Note
-------+----------+-------------------------------------------
     0 | D:1      | jlumianski the Demonspawn Gladiator began the quest for the
                  | Orb.
     0 | D:1      | Reached XP level 1. HP: 16/16 MP: 1/1
   123 | D:1      | Gained mutation: You may rarely emit foul miasma when
                  | damaged in melee. [demonic ancestry]
   123 | D:1      | Reached XP level 2. HP: 17/22 MP: 2/2
   919 | D:1      | Gained mutation: You have a small tail. [demonic ancestry]
   919 | D:1      | Reached XP level 3. HP: 28/28 MP: 3/3
  1120 | D:2      | Found a faded altar of an unknown god.
  1407 | D:1      | HP: 1/28 [adder (1)]
  1408 | D:1      | Succumbed to an adder's poison

Illustrated notes

Levels and vault maps discovered:
D:1:      giann_horns, layout_loops_ring, minmay_misc_feat_hallway,
          chequers_serial_rivers_room_b
D:2:      layout_basic, hellmonk_ecumenical_altar_slurped_away,
          kennysheep_boxes, uniq_terence, uniq_crazy_yiuf_cottage

Skill      XL: |  1  2 |
---------------+-------+-----
Axes           | 3 |  3.3
Dodging        | 3 |  3.1
Fighting       | |  2.4
Throwing       | |  1.8
Armour         | |  0.2
Stealth        | |  0.2

Action                   || total
-------------------------++-------
Melee: War axe           ||    86
       Punch             ||     1
       Tailslap          ||     1
Throw: Throwing net      ||     1
  Use: Potion            ||     3
Armor: Leather armour    ||    46
Dodge: Dodged            ||   106

Table legend: (Time is in decaauts)
 A = Elapsed time spent in this place.
 B = Non-inter-level travel time spent in this place.
 C = Inter-level travel time spent in this place.
 D = Time resting spent in this place.
 E = Time spent auto-exploring this place.
 F = Levels seen in this place.
 G = Mean time per level.
                   A        B        C        D        E       F      G
               +--------+--------+--------+--------+--------+-----+--------+
         Total |   1445 |   1380 |     65 |    224 |    687 |   2 |  722.5 |
       Dungeon |   1445 |   1380 |     65 |    224 |    687 |   2 |  722.5 |
               +--------+--------+--------+--------+--------+-----+--------+

Top non-repeatable levels by time:
     D:1: 1192 daAuts
     D:2: 252 daAuts
